 Dungeon Crawl Stone Soup version 0.29-a0-330-g52719c12eb (webtiles) character file.

Game seed: 10336818371570657906

707 jmlagarto the Skirmisher (level 7, -3/76 HPs)
             Began as an Ogre Berserker on Apr 16, 2022.
             Was a Priest of Trog.
             Slain by Menkaure (21 damage)
             ... on level 5 of the Dungeon.
             The game lasted 00:06:05 (4933 turns).

jmlagarto the Skirmisher (Ogre Berserker)           Turns: 4933, Time: 00:06:06

Health: -3/76      AC:  3    Str: 24    XL:     7   Next: 67%
Magic:  7/7        EV: 10    Int:  8    God:    Trog [***...]
Gold:   214        SH:  0    Dex:  8    Spells: 6/6 levels left

rFire   . . .      SeeInvis .   a - +0 hand axe
rCold   . . .      Faith    .   (no shield)
rNeg    . . .      Spirit   .   b - +0 animal skin
rPois   .          Reflect  .   (helmet restricted)
rElec   .          Harm     .   (no cloak)
rCorr   .          Rampage  .   (gloves unavailable)
Will    ++...                   (boots unavailable)
Stlth   +.........              (no amulet)
HPRegen 1.22/turn               (no ring)
MPRegen 0.10/turn               (no ring)

@: strong-willed, regenerating
A: large, unfitting armour, tough skin 1
a: Renounce Religion, Berserk, Trog's Hand


You were on level 5 of the Dungeon.
You worshipped Trog.
Trog was most pleased with you.
You visited 1 branch of the dungeon, and saw 5 of its levels.

You collected 214 gold pieces.

Inventory:

Hand Weapons
 a - a +0 hand axe (weapon)
 s - a +2 mace of protection
Missiles
 t - 4 poisoned darts (quivered)
 u - 5 large rocks
Armour
 b - a +0 animal skin (worn)
Jewellery
 n - a +4 ring of evasion
 v - a ring of resist corrosion
Wands
 k - a wand of charming (7)
Scrolls
 c - a scroll of holy word
 e - a scroll of teleportation
 i - a scroll of blinking {unknown}
 j - 2 scrolls of fog {unknown}
 o - a scroll of enchant armour {unknown}
 p - a scroll of noise {unknown}
 q - a scroll of vulnerability {unknown}
 r - 4 scrolls of identify
Potions
 d - 2 potions of ambrosia
 f - a potion of heal wounds {unknown}
 g - a potion of curing {unknown}
 h - 2 potions of degeneration {unknown}
 l - 2 potions of berserk rage {unknown}
 m - a potion of attraction {unknown}


   Skills:
 + Level 6.3 Fighting
 + Level 4.8 Axes
 + Level 1.0 Throwing
 + Level 2.8 Armour
 + Level 4.3 Dodging
 + Level 2.2 Shields


You had 6 spell levels left.
You didn't know any spells.
Your spell library was empty.

Dungeon Overview and Level Annotations

Branches:
Dungeon (5/15)
 Temple: D:4-7

Altars:

Annotations:
D:5 Menkaure


Innate Abilities, Weirdness & Mutations

You are too large for most types of armour.
You have tough skin. (AC +1)


Message History

Menkaure is nearby!
You start waiting.
Menkaure is nearby!
Menkaure hits you!
You slash Menkaure!
Menkaure is moderately damaged.
Menkaure hits you!
You barely miss Menkaure.
Menkaure is moderately damaged.
You hit Menkaure.
Menkaure is heavily damaged.
Menkaure gestures wildly while chanting.
Menkaure seems to speed up.
You barely miss Menkaure.
Menkaure is heavily damaged.
Menkaure gestures at you while chanting.
Pain shoots through your body!
You barely miss Menkaure.
Menkaure is heavily damaged.
Menkaure barely misses you. x2
You hit Menkaure.
Menkaure is heavily damaged.
Menkaure calls on the powers of darkness!
Your body is wracked with pain!
Your skin crawls.
You feel strong-willed. Menkaure closely misses you.
You hit Menkaure.
Menkaure is severely damaged.
Menkaure barely misses you.
You hit Menkaure but do no damage.
Menkaure is severely damaged.
Menkaure calls on the powers of darkness!
Your body is wracked with pain!
* * * LOW HITPOINT WARNING * * *
Menkaure barely misses you.
You closely miss Menkaure.
Menkaure is severely damaged.
Menkaure hits you!!
You die...

...Y...
.##.... # (.
.(.## ..M...
....########
#..$.....#
#M.....#
#.####@.....#
#...........#
#.####......#
#......#
#...<..#
########


You could see Menkaure (fast).

Vanquished Creatures
  Grinder (D:4)
  Sigmund (D:4)
  A hound (D:4)
  An orc priest (D:4)
  An iguana (D:4)
  2 orc wizards
  Robin (D:4)
  3 gnolls (D:3)
  8 adders
  2 worms
  A dart slug (D:2)
  11 orcs
  10 bats
  3 endoplasms
  7 hobgoblins
  16 jackals
  4 quokkas
  7 ball pythons
  2 frilled lizards
  13 goblins
  4 kobolds
  5 rats
104 creatures vanquished.

Notes
Turn   | Place    | Note
-------+----------+-------------------------------------------
     0 | D:1      | jmlagarto the Ogre Berserker began the quest for the Orb.
     0 | D:1      | Reached XP level 1. HP: 24/24 MP: 1/1
   318 | D:1      | Reached XP level 2. HP: 22/32 MP: 2/2
   511 | D:1      | Found a faded altar of an unknown god.
  1041 | D:2      | Reached XP level 3. HP: 19/40 MP: 3/3
  1477 | D:2      | Reached skill level 1 in Armour
  1607 | D:2      | Reached ** piety under Trog
  1900 | D:2      | Reached XP level 4. HP: 43/49 MP: 4/4
  2411 | D:3      | Reached skill level 5 in Fighting
  2548 | D:3      | Reached XP level 5. HP: 37/57 MP: 5/5
  3311 | D:4      | Noticed Grinder
  3343 | D:4      | Killed Grinder
  3344 | D:4      | Reached skill level 1 in Shields
  3344 | D:4      | Reached XP level 6. HP: 32/67 MP: 6/6
  3401 | D:4      | Noticed Sigmund
  3572 | D:4      | HP: 5/100 [something (7)]
  3574 | D:4      | Killed Sigmund
  3575 | D:4      | Reached skill level 6 in Fighting
  3575 | D:4      | Reached XP level 7. HP: 8/75 MP: 7/7
  4080 | D:4      | Reached *** piety under Trog
  4511 | D:4      | Noticed Robin
  4520 | D:4      | Killed Robin
  4791 | D:5      | Entered Level 5 of the Dungeon
  4807 | D:4      | Reached skill level 1 in Throwing
  4913 | D:5      | Noticed Menkaure
  4933 | D:5      | Slain by Menkaure

Illustrated notes

Levels and vault maps discovered:
D:1:      roderic_chinese_lattice_arrival, layout_loops_corners,
          shapermc_ecumenical_altar_notcrosses
D:2:      layout_loops_corners
D:3:      layout_rooms, kennysheep_generic_room_16
D:4:      layout_rooms, uniq_sigmund, uniq_robin, uniq_grinder
D:5:      layout_rooms, lemuel_tele_altar, uniq_eustachio, uniq_blork_the_orc,
          uniq_pikel, uniq_menkaure, uniq_ijyb

Skill      XL: |  1  2  3  4  5  6  7 |
---------------+----------------------+-----
Dodging        | 3 4 |  4.3
Armour         | 1 2 |  2.8
Fighting       | 5 6 |  6.3
Axes           | 4 |  4.8
Shields        | 1 2 |  2.2
Throwing       | 1 |  1.0

Action                   |  1- 3 |  4- 6 |  7- 9 || total
-------------------------+-------+-------+-------++-------
Melee: Hand axe          |    85 |   131 |   105 ||   321
       Punch             |       |       |     2 ||     2
Throw: Dart              |     2 |     4 |    27 ||    33
       Large rock        |       |     6 |    15 ||    21
Invok: Berserk           |       |     4 |       ||     4
       Trog's Hand       |       |     3 |     1 ||     4
  Use: Scroll            |       |     3 |       ||     3
Armor: Animal skin       |    39 |    34 |    17 ||    90
Dodge: Dodged            |    56 |    84 |    62 ||   202

Table legend: (Time is in decaauts)
 A = Elapsed time spent in this place.
 B = Non-inter-level travel time spent in this place.
 C = Inter-level travel time spent in this place.
 D = Time resting spent in this place.
 E = Time spent auto-exploring this place.
 F = Levels seen in this place.
 G = Mean time per level.
                   A        B        C        D        E       F      G
               +--------+--------+--------+--------+--------+-----+--------+
         Total |   5027 |   4942 |     85 |    864 |   3288 |   5 | 1005.4 |
       Dungeon |   5027 |   4942 |     85 |    864 |   3288 |   5 | 1005.4 |
               +--------+--------+--------+--------+--------+-----+--------+

Top non-repeatable levels by time:
     D:4: 1493 daAuts
     D:2: 1388 daAuts
     D:3: 1088 daAuts
     D:1: 1026 daAuts
     D:5: 30 daAuts
